 Dungeon Crawl Stone Soup version 0.18-a0-674-g00855b9 (webtiles) character file.

357 Raultor the Chopper (level 6, -7/53 HPs)
             Began as a Hill Orc Gladiator on Dec 6, 2015.
             Mangled by an orc warrior
             ... wielding a +0 halberd
              (15 damage)
             ... on level 3 of the Dungeon.
             The game lasted 00:09:23 (2913 turns).

Raultor the Chopper (Hill Orc Gladiator)            Turns: 2913, Time: 00:09:23

Health: -7/53      AC: 11    Str: 20      XL:     6   Next: 64%
Magic:  6/6        EV: 10    Int: 12 (13) God:
Gold:   165        SH:  0    Dex:  9      Spells: 0 memorised, 5 levels left

rFire  + . .     SeeInvis .     a - +0 war axe
rCold  + . .     Clarity  .     i - +0 scale mail
rNeg   . . .     SustAt   .     (no shield)
rPois  +         Gourm    .     c - +0 helmet
rElec  +         Spirit   .     l - +1 cloak
rCorr  +         Dismiss  .     (no gloves)
rMut   .         Stasis   .     u - +0 pair of boots
MR     .....                    g - amulet of rage {+Rage, !d}
Stlth  ..........               (no ring)
                                A - ring of flight {+Fly, !d}

@: brilliant, resistant, flying, not resistant to hostile enchantments,
extremely unstealthy
A: hooves 1, blink, clumsy 1
a: Blink, Evoke Berserk Rage


You were on level 3 of the Dungeon.
You were hungry.

You visited 1 branch of the dungeon, and saw 3 of its levels.

You collected 165 gold pieces.

Inventory:

Hand Weapons
 a - a +0 war axe (weapon)
 x - a +0 morningstar
   (You took it off an orc priest on level 3 of the Dungeon)
Missiles
 d - 4 throwing nets {=f, !d}
 B - 5 tomahawks (quivered)
Armour
 b - a +0 leather armour
 c - a +0 helmet (worn)
 i - a +0 scale mail (worn)
   (You found it on level 1 of the Dungeon)
 l - a +1 cloak (worn)
   (You found it on level 1 of the Dungeon)
 u - a +0 pair of boots (worn)
   (You found it on level 2 of the Dungeon)
Jewellery
 g - an amulet of rage (around neck) {+Rage, !d}
   (You found it on level 1 of the Dungeon)
 A - a ring of flight (left hand) {+Fly, !d}
   (You found it on level 3 of the Dungeon)
Wands
 w - a wand of heal wounds (1)
   (You took it off Natasha on level 2 of the Dungeon)
Scrolls
 f - 2 scrolls of identify {unknown}
 h - a scroll of fog {unknown}
 n - a scroll of blinking {unknown}
 p - a scroll of noise {!r}
 t - 2 scrolls of recharging {unknown}
 v - a scroll of enchant armour {unknown}
 y - a scroll of remove curse {unknown}
 z - 3 scrolls of teleportation {unknown}
Comestibles
 e - 3 bread rations {@e1}
 j - a royal jelly


   Skills:
 + Level 4.6 Fighting
 * Level 7.2 Axes
 - Level 2.0 Throwing
 + Level 2.9 Armour
 - Level 2.4 Dodging


You had 5 spell levels left.
You didn't know any spells.

Dungeon Overview and Level Annotations

Branches:
Dungeon (3/15)

Altars:
Ashenzari
Vehumet


Innate Abilities, Weirdness & Mutations

You have large cloven feet.
You can translocate small distances at will.
You are clumsy. (Dex -2)


Message History

Things that are here:
a spear; a gnoll skeleton Some of the chunks of flesh in your inventory have rotted away.
All of the chunks of flesh in your inventory have rotted away.
A bat comes into view.
No target in view!
No target in view!
The bat hits you but does no damage. The bat barely misses you.
The bat hits you but does no damage.
You slash the bat!
You kill the bat!
No target in view!
Found a stone staircase leading down.
There is a stone staircase leading down here.
There is a stone staircase leading down here.
You see here 29 stones.
You are feeling hungry.
The orc warrior shouts!
The orc warrior is too close now for your liking.
The orc wizard shouts!
The orc warrior hits you with a halberd.
You take 4 damage, and have 49/53 hp.
You hit the orc warrior but do no damage.
The orc warrior hits you with a halberd!
You take 15 damage, and have 34/53 hp.
MASSIVE DAMAGE!!
You hit the orc warrior but do no damage.
The orc warrior closely misses you.
You hit the orc warrior. The orc warrior closely misses you.
You hit the orc warrior but do no damage.
The orc warrior hits you with a halberd!
You take 8 damage, and have 26/53 hp.
You hit the orc warrior.
The orc warrior hits you but does no damage.
You closely miss the orc warrior. The orc warrior closely misses you.
Your scale mail prevents you from hitting the orc warrior.
The orc warrior hits you with a halberd!
* * * LOW HITPOINT WARNING * * *
You take 13 damage, and have 13/53 hp.
MASSIVE DAMAGE!!
You don't have any such object.
You don't have any such object.
You feel much better.
Evoking this partially-identified wand wasted a few charges.
The orc warrior barely misses you.
You regained 21 hp, and now have 34/53 hp.
You hit the orc warrior but do no damage.
The orc warrior hits you with a halberd!
The orc wizard gestures wildly while chanting.
The orc wizard flickers and vanishes!
Deactivating autopickup; reactivate with Ctrl-A.
You take 9 damage, and have 25/53 hp.
You hit the orc warrior but do no damage.
The orc warrior hits you with a halberd!
You take 9 damage, and have 16/53 hp.
You hit the orc warrior but do no damage.
You hit the orc warrior but do no damage.
The orc warrior hits you with a halberd!
* * * LOW HITPOINT WARNING * * *
You take 10 damage, and have 6/53 hp.
Wield which item (- for none, * to show all)? (? for menu, Esc to quit)
Okay, then.
Drink which item? (? for menu, Esc to quit)
It was a potion of brilliance.
You feel clever all of a sudden. The orc warrior barely misses you.
Drink which item? (? for menu, Esc to quit)
It was a potion of degeneration.
There was something very wrong with that liquid.
You feel dopey.
The orc warrior hits you with a halberd.
* * * LOW HITPOINT WARNING * * *
You take 1 damage, and have 5/53 hp.
Drink which item? (? for menu, Esc to quit)
It was a potion of resistance.
You feel protected. The orc warrior barely misses you.
Drink which item? (? for menu, Esc to quit)
It was a potion of flight.
You feel very buoyant.
You fly up into the air.
The orc warrior barely misses you.
Drink which item? (? for menu, Esc to quit)
It was a potion of curing.
You feel better. The orc warrior completely misses you.
You regained 7 hp, and now have 12/53 hp.
Drink which item? (? for menu, Esc to quit)
It was a potion of mutation.
You feel extremely strange.
You feel jittery.
Your feet thicken and deform.
You feel clumsy.
You barely miss the orc warrior. The orc warrior closely misses you.
You barely miss the orc warrior.
The orc warrior hits you with a halberd.
* * * LOW HITPOINT WARNING * * *
You closely miss the orc warrior.
The orc warrior hits you with a halberd.
* * * LOW HITPOINT WARNING * * *
You take 4 damage, and have 8/53 hp.
You barely miss the orc warrior.
The orc warrior hits you with a halberd!
You die...

#########
........########
.######........# ..##
########.# ...######
#.# ........#
#.######### ...####.#
#..@o{....# ..## #.#
##.#######.#######
.## #.#
#........†.......###
.# #.#
#..#######.#.........
.# #># #..#
#..#.#..#### .## #.#
#..# #.###...# # .>#
#.#####..# ##.#.#o.#
# ..# ###........##
##.##..# # ..#
#...........#
#.##..####


You could see an orc warrior.

Vanquished Creatures
  4 orc priests
  2 orc wizards
  Natasha (thrice) (D:2)
  5 adders
  3 gnolls (D:3)
  An ooze (D:2)
  A worm (D:3)
  4 giant geckos
  6 orcs (D:3)
  10 bats
  3 giant cockroaches
  6 hobgoblins
  6 kobolds
  3 giant newts
  5 goblins
  A quokka (D:2)
  8 rats
71 creatures vanquished.

Notes
Turn   | Place    | Note
--------------------------------------------------------------
     0 | D:1      | Raultor the Hill Orc Gladiator began the quest for the Orb.
     0 | D:1      | Reached XP level 1. HP: 18/18 MP: 1/1
   144 | D:1      | Reached skill level 2 in Throwing
   144 | D:1      | Reached XP level 2. HP: 12/25 MP: 2/2
   877 | D:2      | Reached skill level 3 in Fighting
   877 | D:2      | Reached XP level 3. HP: 22/31 MP: 3/3
   892 | D:2      | Noticed Natasha
   902 | D:2      | HP: 7/31 [Natasha (4)]
   909 | D:2      | Killed Natasha
   909 | D:2      | Reached skill level 5 in Axes
   909 | D:2      | Reached skill level 1 in Armour
   909 | D:2      | Reached XP level 4. HP: 38/38 MP: 4/4
   986 | D:2      | Found a radiant altar of Vehumet.
  1271 | D:2      | Noticed Natasha
  1276 | D:2      | Killed Natasha
  1362 | D:2      | Reached skill level 2 in Armour
  1426 | D:2      | Noticed Natasha
  1428 | D:2      | Killed Natasha
  1567 | D:2      | Reached XP level 5. HP: 12/46 MP: 5/5
  1574 | D:2      | HP: 1/46 [orc priest/divine providence (12)]
  1584 | D:2      | Reached skill level 4 in Fighting
  1584 | D:2      | Reached skill level 6 in Axes
  1692 | D:3      | Reached XP level 6. HP: 33/52 MP: 6/6
  1723 | D:3      | Found a shattered altar of Ashenzari.
  2473 | D:3      | Reached skill level 7 in Axes
  2898 | D:3      | HP: 13/53 [orc warrior/halberd (13)]
  2903 | D:3      | HP: 6/53 [orc warrior/halberd (10)]
  2909 | D:3      | Gained mutation: You can translocate small distances at will. [potion of mutation]
  2909 | D:3      | Gained mutation: You have large cloven feet. [potion of mutation]
  2909 | D:3      | Gained mutation: You are clumsy. (Dex -2) [potion of mutation]
  2911 | D:3      | HP: 12/53 [orc warrior/halberd (1)]
  2913 | D:3      | Mangled by an orc warrior

Vault maps used:
D:1:      evilmike_arrival_crescent
D:2:      fiery_altar_vehumet, uniq_natasha
D:3:      marbit_many_paths, first_bread, grunt_ministairs_8, kennysheep_donut,
          ashenzari_altar_1

Action                   |  1- 3 |  4- 6 || total
-------------------------+-------+-------++-------
Melee: War axe           |    66 |   172 ||   238
Evoke: Wand              |       |     1 ||     1
  Use: Potion            |     1 |     7 ||     8
       Scroll            |       |     1 ||     1
  Eat: Chunk             |       |     6 ||     6

Vault maps used:
D:1:      evilmike_arrival_crescent
D:2:      fiery_altar_vehumet, uniq_natasha
D:3:      marbit_many_paths, first_bread, grunt_ministairs_8, kennysheep_donut,
          ashenzari_altar_1

Table legend:
 A = Turns spent in this place as a percentage of turns spent in the entire game.
 B = Non-inter-level travel turns spent in this place as a percentage of non-inter-level travel turns spent in the entire game.
 C = Inter-level travel turns spent in this place as a percentage of turns spent in this place.
 D = Turns resting spent in this place as a percentage of non-inter-level travel turns spent in this place.
 E = Turns spent auto-exploring this place as a percentage of non-inter-level travel turns spent in this place.
 F = Non-inter-level travel turns spent in this place divided by the number of levels of this place that you've seen.
                   A       B       C       D       E      F
               +-------+-------+-------+-------+-------+----------------------
         Total | 100.0 | 100.0 |   0.7 |   1.4 |  12.9 | 238.0
       Dungeon | 100.0 | 100.0 |   0.7 |   1.4 |  12.9 | 238.0
               +-------+-------+-------+-------+-------+----------------------

Table legend:
 A = Kills in this place as a percentage of kills in entire the game.
 B = Kills by you in this place as a percentage of kills by you in the entire game.
 C = Kills by friends in this place as a percentage of kills by friends in the entire game.
 D = Other kills in this place as a percentage of other kills in the entire game.
 E = Experience gained in this place as a percentage of experience gained in the entire game.
 F = Experience gained in this place divided by the number of levels of this place that you have seen.
                   A       B       C       D       E      F
               +-------+-------+-------+-------+-------+----------------------
         Total | 100.0 | 100.0 |  -nan |  -nan | 100.0 | 170.3
       Dungeon | 100.0 | 100.0 |  -nan |  -nan | 100.0 | 170.3
               +-------+-------+-------+-------+-------+----------------------
